 Dungeon Crawl Stone Soup version 0.17-a0-512-gd6a67cc (webtiles) character file.

1001 karlm the Firebug (level 8, -1/73 HPs)
             Began as a Naga Wizard on Apr 11, 2015.
             Was an Initiate of Vehumet.
             Slain by an ice beast (16 damage)
             ... on level 5 of the Dungeon.
             The game lasted 00:21:24 (7218 turns).

karlm the Firebug (Naga Wizard)                     Turns: 7218, Time: 00:21:24

Health: -1/73      AC: 14    Str:  9    XL:     8   Next: 20%
Magic:  5/12       EV:  8    Int: 21    God:    Vehumet [......]
Gold:   64         SH:  0    Dex: 13    Spells: 5 memorised, 2 levels left

rFire  + . .     SeeInvis +     v - +1 short sword (freeze)
rCold  x . .     Clarity  .     u - +2 robe {Archmagi}
rNeg   . . .     SustAb   .     (no shield)
rPois  +         Gourm    .     a - +0 helmet
rElec  .         Spirit   .     (no cloak)
rCorr  .         Warding  .     L - +2 pair of gloves {Dex+3}
rMut   .         Stasis   .     h - +1 naga barding
MR     +....                    (no amulet)
Stlth  ++........               (no ring)
                                F - ring of fire

@: very slow, somewhat resistant to hostile enchantments, unstealthy
A: see invisible, deformed body, poison resistance, slowness 2, spit poison 2,
AC +2
a: Spit Poison, Renounce Religion


You were on level 5 of the Dungeon.
You worshipped Vehumet.
Vehumet was noncommittal.
You were hungry.

You visited 2 branches of the dungeon, and saw 7 of its levels.

You collected 203 gold pieces.
You spent 139 gold pieces at shops.

Inventory:

Hand weapons
 n - a +2 whip of holy wrath
 v - a +1 short sword of freezing (weapon)
 J - a +1 blowgun
 M - a +0 lajatang
Missiles
 i - 220 stones (quivered)
 y - 2 needles of confusion
 D - 6 tomahawks
 I - 3 curare-tipped needles
 K - 14 poisoned needles
Armour
 a - a +0 helmet (worn)
 h - a +1 naga barding (worn)
 u - a +2 robe of the Archmagi (worn)
 w - a +2 buckler of protection
 L - a +2 pair of gloves of dexterity (worn)
Jewellery
 C - an uncursed amulet of guardian spirit
 F - a ring of fire (left hand)
Magical devices
 b - a wand of cold (5)
 k - a wand of teleportation (4)
Scrolls
 e - a scroll of remove curse
 p - 3 scrolls of magic mapping
 s - 3 scrolls of teleportation
 N - 2 scrolls of amnesia
Potions
 j - a potion of invisibility
 m - a potion of agility
 r - a potion of flight
 x - a potion of brilliance
 z - a potion of curing
 A - 2 potions of ambrosia
 E - 3 potions of heal wounds
 G - a potion of haste
 H - a potion of cure mutation
Books
 c - a book of Minor Magic

   Spells                             Type                      Level
   a - Magic Dart                     Conjuration                  1
   b - Blink                          Translocation                2
   c - Call Imp                       Summoning                    2
   d - Repel Missiles                 Charms/Air                   2
   e - Slow                           Hexes                        2
   f - Conjure Flame                  Conjuration/Fire             3
   g - Mephitic Cloud                 Conjuration/Poison/Air       3
Comestibles
 d - 8 bread rations
 f - 2 chunks of flesh
 o - 5 meat rations
 q - 4 beef jerkies
 B - 6 fruits


   Skills:
 + Level 4.3 Fighting
 - Level 1.5 Dodging
 - Level 3.0 Stealth
 - Level 3.0 Spellcasting
 + Level 5.2 Conjurations
 - Level 1.0 Summonings
 - Level 1.0 Translocations
 * Level 5.8 Fire Magic


You had 2 spell levels left.
You knew the following spells:

 Your Spells              Type           Power        Failure   Level  Hunger
a - Magic Dart            Conj           ####         1%          1    None
b - Blink                 Tloc           N/A          14%         2    ##.....
c - Conjure Flame         Conj/Fire      ######..     4%          3    ###....
d - Mephitic Cloud        Conj/Pois/Air  ###.....     21%         3    ###....
e - Call Imp              Summ           ##......     14%         2    ##.....


Dungeon Overview and Level Annotations

Branches:
Dungeon (6/15)             Temple (1/1) D:5

Altars:
Ashenzari
Cheibriados
Dithmenos
Elyvilon
Fedhas
Gozag
Kikubaaqudgha
Makhleb
Nemelex Xobeh
Okawaru
Qazlal
Ru
Sif Muna
Trog
Vehumet
Xom
Yredelemnul
The Shining One

Shops:
D:5 [   D:6 :

Annotations:
D:6 Conn321's ghost, average DEWz


Innate Abilities, Weirdness & Mutations

You cannot wear boots.
Your serpentine skin is tough (AC +2).
You have supernaturally acute eyesight.
Armour fits poorly on your strangely shaped body.
Your system is resistant to poisons.
You cover ground very slowly.
You can spit poison.


Message History

The ice beast hits you but does no damage.
You barely miss the ice beast.
The ice beast is almost dead.
The ice beast closely misses you.
The ice beast hits you but does no damage.
You barely miss the ice beast.
The ice beast is almost dead.
The ice beast barely misses you.
You barely miss the ice beast.
The ice beast is almost dead.
The ice beast closely misses you.
You closely miss the ice beast.
The ice beast is almost dead.
The ice beast hits you but does no damage.
You closely miss the ice beast.
The ice beast is almost dead.
The ice beast hits you.
* * * LOW HITPOINT WARNING * * *
The ice beast freezes you!
You feel a terrible chill!
You die...

.##.........#.......#
#########
###.........##.#.####
#.......#
.##...########.#.#
#.......# .##...#
#.#.# #.......#
.##...# #...#
######.......#
###...# ##..#
#............# #...#
#..# #.####.......#
#...# #..###.#
####.#### #...#
##@รท.#.####.##.#
##### #Y#.#......##.#
#.#.######.##.# #.#.#
#.##.# #.#.# #.##.#
#.#.# #.##.#
#.#.######.##.#
#.#........#..#
#.##########%##


You could see an ice beast.

Vanquished Creatures
  Edmund (D:4)
  2 phantoms
  A sky beast (D:5)
  2 ogres
  The ghost of emiel the Scratcher, an average FeTm (D:3)
  A goliath beetle (D:3)
  An orc wizard (D:5)
  A worker ant (D:5)
  Jessica (D:2)
  An orc priest (D:5)
  A hound skeleton (D:5)
  Robin (D:3)
  3 gnolls
  3 adders
  A worm (D:2)
  An adder skeleton (D:3)
  5 giant geckos
  5 orcs
  3 ball pythons
  10 bats
  A bat skeleton (D:4)
  3 giant cockroaches
  18 hobgoblins
  A jackal (D:3)
  18 kobolds
  2 quokkas (D:3)
  4 giant newts
  19 goblins
  A quokka skeleton (D:5)
  9 rats
121 creatures vanquished.

Vanquished Creatures (collateral kills)
  A black bear (D:5)
1 creature vanquished.

Grand Total: 122 creatures vanquished

Notes
Turn   | Place    | Note
--------------------------------------------------------------
     0 | D:1      | karlm, the Naga Wizard, began the quest for the Orb.
     0 | D:1      | Reached XP level 1. HP: 15/15 MP: 4/4
   274 | D:1      | Reached XP level 2. HP: 22/22 MP: 6/6
   299 | D:1      | Learned a level 2 spell: Blink
  1098 | D:1      | Reached XP level 3. HP: 28/28 MP: 5/7
  1513 | D:2      | Reached skill level 1 in Fighting
  1733 | D:2      | Learned a level 3 spell: Conjure Flame
  1800 | D:2      | Found a basalt altar of Yredelemnul.
  1853 | D:2      | Noticed Jessica
  1944 | D:2      | Reached XP level 4. HP: 38/38 MP: 6/8
  2143 | D:2      | Killed Jessica
  2143 | D:2      | Reached skill level 1 in Fire Magic
  2393 | D:3      | Noticed Robin
  2403 | D:3      | Killed Robin
  2587 | D:3      | Noticed a phantom
  2609 | D:3      | Killed a phantom
  2609 | D:3      | Reached XP level 5. HP: 44/46 MP: 0/9
  3098 | D:3      | Reached XP level 6. HP: 37/55 MP: 6/10
  3209 | D:3      | Noticed emiel's ghost (average FeTm)
  3212 | D:3      | Killed emiel's ghost
  3212 | D:3      | Reached skill level 4 in Conjurations
  3656 | D:4      | Learned a level 3 spell: Mephitic Cloud
  3657 | D:4      | Noticed Edmund
  3883 | D:4      | Killed Edmund
  3883 | D:4      | Reached XP level 7. HP: 52/62 MP: 6/11
  4717 | D:5      | Entered Level 5 of the Dungeon
  4778 | D:5      | Found Quotusiumn's Antique Armour Shop.
  4787 | D:5      | Bought a pair of runed gloves for 139 gold pieces
  4986 | D:5      | Learned a level 2 spell: Call Imp
  5170 | D:5      | Reached skill level 5 in Fire Magic
  5311 | D:5      | Found a snail-covered altar of Cheibriados.
  5449 | D:5      | Reached skill level 5 in Conjurations
  5449 | D:5      | Reached XP level 8. HP: 72/72 MP: 0/12
  5783 | D:5      | Found a staircase to the Ecumenical Temple.
  5925 | Temple   | Entered the Ecumenical Temple
  6021 | Temple   | Became a worshipper of Vehumet
  6577 | D:6      | Found Weib Jak's Book Boutique.
  6809 | D:6      | Noticed Conn321's ghost (average DEWz)
  7218 | D:5      | Slain by an ice beast

Action                   |  1- 3 |  4- 6 |  7- 9 || total
-------------------------+-------+-------+-------++-------
Melee: Club              |     1 |       |       ||     1
       Whip              |     5 |       |       ||     5
       Short sword       |       |    20 |    53 ||    73
       Lajatang          |       |       |    11 ||    11
 Fire: Blowgun           |       |       |    11 ||    11
Throw: Stone             |       |     6 |       ||     6
 Cast: Magic Dart        |    70 |    70 |   120 ||   260
       Conjure Flame     |       |     4 |     6 ||    10
       Blink             |       |     3 |       ||     3
       Mephitic Cloud    |       |       |     2 ||     2
       Call Imp          |       |       |     2 ||     2
 Abil: Spit Poison       |    19 |     2 |     1 ||    22
Evoke: Wand              |       |       |     1 ||     1
  Use: Scroll            |       |     3 |    11 ||    14
       Potion            |       |       |     1 ||     1
 Stab: Confused          |       |       |     2 ||     2
  Eat: Chunk             |     4 |     7 |    10 ||    21
